Condors vs Wolves
Created - May 20, 2022 at 23:50
Goals
|
| Condors |
0 |
3 |
1 |
1 |
5 |
| Wolves |
2 |
1 |
1 |
0 |
4 |
|
Shots
|
| Condors |
4 |
10 |
10 |
1 |
25 |
| Wolves |
8 |
19 |
12 |
0 |
39 |
|
1st period
1. Wolves , Sebastian Aho 41 (Anton Lindholm 26) at 0:55
2. Wolves , Victor Olofsson 29 (Sebastian Aho 47, Joe Morrow 51) at 1:51
Penalties :
No Penalty
2nd period
3. Wolves , Sebastian Aho 42 (Eric Robinson 13, Joe Morrow 52) at 2:01 (PP)
4. Condors , Tyler Bozak 45 (Daniel Zaar 29) at 4:00 (PP)
5. Condors , Anton Slepyshev 27 (Daniel Zaar 30, Tyler Bozak 43) at 7:51 (PP)
6. Condors , Tyler Bozak 46 (Kiefer Sherwood 16, Anton Slepyshev 44) at 8:34
Penalties :
Mark Jankowski (Bak) for Interference (Minor) at 0:44, Lawson Crouse (Chi) for Hooking (Minor) at 3:46, Anton Slepyshev (Bak) for Boarding (Minor) at 5:16, Fredrik Olofsson (Chi) for Charging (Minor) at 7:36, Tyson Jost (Bak) for Boarding (Minor) at 13:10
3rd period
7. Wolves , Alexandre Grenier 47 (Kyle Rau 68, Lawson Crouse 39) at 4:37 (PP)
8. Condors , Daniel Zaar 22 (Tyler Bozak 44) at 19:16
Penalties :
Kiefer Sherwood (Bak) for Tripping (Minor) at 1:30, Kiefer Sherwood (Bak) for Roughing (Minor) at 4:23, Scott Mayfield (Bak) for Interference (Minor) at 9:03, Kiefer Sherwood (Bak) for Slashing (Minor) at 14:31
Overtime #1
9. Condors , Robby Fabbri 22 (Carl Gunnarsson 28, Zac Leslie 34) at 0:42
Penalties :
No Penalty
Goalie Stats
Mark Visentin (Bak), 35 saves from 39 shots - (0.897), W, 9-8-1, 60:30 minutes
Laurent Brossoit (Chi), 20 saves from 25 shots - (0.800), OTL, 31-9-6, 60:42 minutes
Players Stats for Condors
Player Name G A P +/- PIM S H SB GA TA FO MP PP MP PK MP
------------------------------------------------------------------------------------
Adam Erne 0 0 0 0 0 0 1 0 1 0 0/0 10:53 0:00 0:00
Alexandre Carrier 0 0 0 0 0 0 0 0 0 0 0/0 6:56 0:00 0:00
Anton Slepyshev 1 1 2 1 2 4 1 1 1 3 0/0 19:49 0:29 5:34
Brett Lernout 0 0 0 0 0 0 1 0 0 1 0/0 10:18 0:00 0:00
Carl Gunnarsson 0 1 1 2 0 1 1 1 1 1 0/0 25:02 0:29 6:56
Chris Bigras 0 0 0 -1 0 1 1 0 1 1 0/0 18:26 0:00 4:30
Christian Thomas 0 0 0 -1 0 4 1 0 0 0 0/0 10:05 0:00 1:51
Clayton Keller 0 0 0 0 0 1 0 0 0 0 0/0 8:57 0:00 0:00
Connor Hurley 0 0 0 -1 0 1 0 1 0 0 3/4 10:05 0:00 2:03
Daniel Zaar 1 2 3 1 0 2 1 1 1 1 1/2 15:02 0:29 0:00
Gustav Olofsson 0 0 0 0 0 0 0 0 0 0 0/0 6:56 0:00 0:00
Kiefer Sherwood 0 1 1 0 6 1 2 0 0 0 0/1 13:12 0:00 0:00
Mark Jankowski 0 0 0 0 2 0 1 2 1 0 8/20 17:59 0:00 2:34
Phil McRae 0 0 0 0 0 1 1 0 1 2 10/17 16:55 0:00 6:15
Philippe Myers 0 0 0 0 0 0 0 1 0 0 0/0 11:19 0:00 1:01
Robby Fabbri 1 0 1 1 0 3 2 0 0 0 1/1 19:42 0:00 4:04
Scott Mayfield 0 0 0 -1 2 0 1 1 0 0 0/0 18:37 0:00 3:29
Tyler Bozak 2 2 4 1 0 6 1 0 0 1 9/10 14:23 0:29 0:00
Tyson Jost 0 0 0 0 2 0 1 0 0 0 0/0 11:37 0:00 0:31
Zac Leslie 0 1 1 2 0 0 1 3 0 0 0/0 25:02 0:29 6:56
Players Stats for Wolves
Player Name G A P +/- PIM S H SB GA TA FO MP PP MP PK MP
------------------------------------------------------------------------------------
Alexandre Grenier 1 0 1 -1 0 7 2 0 3 1 1/5 23:13 5:49 0:29
Anton Lindholm 0 1 1 0 0 1 1 0 0 1 0/0 18:50 5:02 0:00
Antti Suomela 0 0 0 0 0 4 1 0 1 0 3/4 10:24 0:00 0:00
Dylan Coghlan 0 0 0 0 0 0 0 0 0 0 0/0 5:38 0:00 0:00
Eric Robinson 0 1 1 1 0 2 0 0 0 0 0/0 16:53 5:07 0:00
Fredrik Olofsson 0 0 0 0 2 1 2 0 0 0 0/0 9:46 0:20 0:00
Jake Evans 0 0 0 0 0 0 0 0 0 0 2/4 9:27 0:00 0:00
Jakub Zboril 0 0 0 0 0 0 0 0 0 0 0/0 0:00 0:00 0:00
Jalen Chatfield 0 0 0 -2 0 1 0 0 0 0 0/0 10:58 0:00 0:00
Jeff Petry 0 0 0 0 0 0 0 2 0 0 0/0 18:50 5:02 0:00
Jeffrey Foss 0 0 0 1 0 2 1 1 0 1 0/0 25:16 6:24 0:29
Joe Morrow 0 2 2 1 0 1 3 1 2 0 0/0 25:16 6:24 0:29
Kale Clague 0 0 0 0 0 0 0 0 0 2 0/0 5:38 0:00 0:00
Kevin Stenlund 0 0 0 0 0 0 0 0 0 0 0/0 0:00 0:00 0:00
Kieffer Bellows 0 0 0 0 0 0 0 0 0 0 0/0 10:24 0:00 0:00
Kyle Rau 0 1 1 -1 0 4 2 1 1 1 14/31 23:13 5:49 0:29
Lawson Crouse 0 1 1 -1 2 1 2 0 0 0 0/1 21:40 5:21 0:00
Liam O'Brien 0 0 0 -1 0 0 1 0 0 0 0/0 0:45 0:30 0:00
Matthew Highmore 0 0 0 -1 0 0 0 0 0 0 0/0 1:11 0:48 0:00
Samuel Girard 0 0 0 -2 0 2 0 0 0 1 0/0 10:58 0:00 0:00
Sebastian Aho 2 1 3 1 0 4 1 0 1 0 3/10 16:53 5:07 0:00
Thomas Spelling 0 0 0 0 0 0 0 1 1 0 0/0 9:47 0:20 0:00
Victor Olofsson 1 0 1 1 0 5 4 0 1 0 0/0 16:53 5:07 0:00
Wade Allison 0 0 0 0 0 4 0 0 0 0 0/0 10:24 0:00 0:00
Zachary Senyshyn 0 0 0 0 0 0 0 0 0 0 0/0 0:00 0:00 0:00
3 Stars
1 - Tyler Bozak (Bak)
2 - Sebastian Aho (Chi)
3 - Daniel Zaar (Bak)
Power Play
Condors - 2 on 2 Attempt(s) - 100.00%
Wolves - 2 on 7 Attempt(s) - 28.57%
Penalty Kill
Condors - 5 on 7 Attempt(s) - 71.43%
- Score 0 goal in Penalty Kill
Wolves - 0 on 2 Attempt(s) - 0.00%
- Score 0 goal in Penalty Kill
Team Stat
Condors - Hits : 17 - Faceoff Wins : 32 - Blocked Shots : 11 - Penalty Minutes : 14
Wolves - Hits : 20 - Faceoff Wins : 23 - Blocked Shots : 6 - Penalty Minutes : 4
Official
Referees : Jacob Brenk and Conor O'Donnell
Linesman : Scott Cherrey and Vaughan Rody
Game Notes
No Game Note
Finance
Level 1 -- Attendance: 2000 (100.00%) -- Ticket Income $70,000
Level 2 -- Attendance: 893 (89.30%) -- Ticket Income $13,395
Total Attendance: 2893 (96.43%)
Total Ticket Income: $83,395
Other Income: $4,170
Total Income: $87,565
Condors
5 vs 5 Forward
Center Left Wing Right Wing Time % Phy DF OF
1 Mark Jankowski Robby Fabbri Daniel Zaar 40 1 2 2
2 Tyler Bozak Anton Slepyshev Kiefer Sherwood 30 1 2 2
3 Phil McRae Tyson Jost Adam Erne 20 1 2 2
4 Connor Hurley Christian Thomas Clayton Keller 10 1 2 2
5 vs 5 Defense
Defense Defense Time % Phy DF OF
1 Carl Gunnarsson Zac Leslie 40 1 2 2
2 Chris Bigras Scott Mayfield 30 1 2 2
3 Brett Lernout Philippe Myers 20 1 2 2
4 Gustav Olofsson Alexandre Carrier 10 1 2 2
PowerPlay Forward
Center Left Wing Right Wing Time % Phy DF OF
1 Tyler Bozak Anton Slepyshev Daniel Zaar 60 1 2 2
2 Mark Jankowski Robby Fabbri Adam Erne 40 1 2 2
PowerPlay Defense
Defense Defense Time % Phy DF OF
1 Carl Gunnarsson Zac Leslie 60 1 2 2
2 Chris Bigras Scott Mayfield 40 1 2 2
Penalty Kill 4 Players Forward
Center Wing Time % Phy DF OF
1 Phil McRae Anton Slepyshev 60 1 2 2
2 Mark Jankowski Robby Fabbri 40 1 2 2
Penalty Kill 4 Players Defense
Defense Defense Time % Phy DF OF
1 Carl Gunnarsson Zac Leslie 60 1 2 2
2 Chris Bigras Scott Mayfield 40 1 2 2
Penalty Kill - 3 Players Forward
Forward Time % Phy DF OF
1 Tyler Bozak 60 1 2 2
2 Mark Jankowski 40 1 2 2
Penalty Kill - 3 Players Defense
Defense Defense Time % Phy DF OF
1 Carl Gunnarsson Zac Leslie 60 1 2 2
2 Chris Bigras Scott Mayfield 40 1 2 2
4 vs 4 Forward
Center Wing Time % Phy DF OF
1 Tyler Bozak Anton Slepyshev 60 1 2 2
2 Mark Jankowski Robby Fabbri 40 1 2 2
4 vs 4 Defense
Defense Defense Time % Phy DF OF
1 Carl Gunnarsson Zac Leslie 60 1 2 2
2 Chris Bigras Scott Mayfield 40 1 2 2
Last Minutes Offensive
Center Left Wing Right Wing Defense Defense
Tyler Bozak Anton Slepyshev Daniel Zaar Carl Gunnarsson Zac Leslie
Last Minutes Defensive
Center Left Wing Right Wing Defense Defense
Tyler Bozak Anton Slepyshev Daniel Zaar Carl Gunnarsson Zac Leslie
Goaltenders
Starting : Mark Visentin
Backup : Carter Hart
Extra Forwards
Normal : Robby Fabbri, Clayton Keller, Tyson Jost - PP : Robby Fabbri, Phil McRae - PK : Robby Fabbri
Extra Defensemen
Normal : Chris Bigras, Gustav Olofsson, Philippe Myers - PP : Philippe Myers - PK : Philippe Myers, Gustav Olofsson
Penalty Shots
Tyler Bozak, Anton Slepyshev, Mark Jankowski, Daniel Zaar, Robby Fabbri
Scratches
Anders Bjork (Healthy), Cole Cassels (Healthy), Colin White (Healthy), Emil Djuse (Healthy), Jeremy Gregoire (Healthy)
Jordan Subban (Healthy), Louis Leblanc (Torn Left MCL Injury), Remi Elie (Healthy), Jesse Puljujarvi (Separated Right Shoulder Injury), Nikolai Knyzhov (Healthy)
Lucas Johansen (Healthy), Jack Campbell (Healthy)
Wolves
5 vs 5 Forward
Center Left Wing Right Wing Time % Phy DF OF
1 Kyle Rau Lawson Crouse Alexandre Grenier 40 1 2 2
2 Sebastian Aho Eric Robinson Victor Olofsson 30 1 2 2
3 Jake Evans Fredrik Olofsson Thomas Spelling 20 1 2 2
4 Antti Suomela Kieffer Bellows Wade Allison 10 1 2 2
5 vs 5 Defense
Defense Defense Time % Phy DF OF
1 Jeffrey Foss Joe Morrow 40 1 2 2
2 Anton Lindholm Jeff Petry 30 1 2 2
3 Jalen Chatfield Samuel Girard 20 1 2 2
4 Kale Clague Dylan Coghlan 10 1 2 2
PowerPlay Forward
Center Left Wing Right Wing Time % Phy DF OF
1 Kyle Rau Lawson Crouse Alexandre Grenier 60 1 2 2
2 Sebastian Aho Eric Robinson Victor Olofsson 40 1 2 2
PowerPlay Defense
Defense Defense Time % Phy DF OF
1 Jeffrey Foss Joe Morrow 60 1 2 2
2 Anton Lindholm Jeff Petry 40 1 2 2
Penalty Kill 4 Players Forward
Center Wing Time % Phy DF OF
1 Alexandre Grenier Kyle Rau 60 1 2 2
2 Sebastian Aho Lawson Crouse 40 1 2 2
Penalty Kill 4 Players Defense
Defense Defense Time % Phy DF OF
1 Jeffrey Foss Joe Morrow 60 1 2 2
2 Anton Lindholm Jeff Petry 40 1 2 2
Penalty Kill - 3 Players Forward
Forward Time % Phy DF OF
1 Alexandre Grenier 60 1 2 2
2 Kyle Rau 40 1 2 2
Penalty Kill - 3 Players Defense
Defense Defense Time % Phy DF OF
1 Jeffrey Foss Joe Morrow 60 1 2 2
2 Anton Lindholm Jeff Petry 40 1 2 2
4 vs 4 Forward
Center Wing Time % Phy DF OF
1 Alexandre Grenier Kyle Rau 60 1 2 2
2 Sebastian Aho Lawson Crouse 40 1 2 2
4 vs 4 Defense
Defense Defense Time % Phy DF OF
1 Jeffrey Foss Joe Morrow 60 1 2 2
2 Anton Lindholm Jeff Petry 40 1 2 2
Last Minutes Offensive
Center Left Wing Right Wing Defense Defense
Kyle Rau Lawson Crouse Alexandre Grenier Jeffrey Foss Joe Morrow
Last Minutes Defensive
Center Left Wing Right Wing Defense Defense
Kyle Rau Lawson Crouse Alexandre Grenier Jeffrey Foss Joe Morrow
Goaltenders
Starting : Laurent Brossoit
Backup : Ebbe Siönäs
Extra Forwards
Normal : Matthew Highmore, Liam O'Brien, Kevin Stenlund - PP : Matthew Highmore, Liam O'Brien - PK : Kevin Stenlund
Extra Defensemen
Normal : Jalen Chatfield, Samuel Girard, Kale Clague - PP : Jalen Chatfield - PK : Samuel Girard, Kale Clague
Penalty Shots
Alexandre Grenier, Kyle Rau, Sebastian Aho, Lawson Crouse, Victor Olofsson
Scratches
Joona Koppanen (Healthy), Sergei Kostenko (Healthy)
% Time on Ice - Condors
Lines # - Real PCT - Wanted PCT - Time Play
Normal Forward
1 - 30% - 40% - 14:24
2 - 31% - 30% - 14:50
3 - 22% - 20% - 10:22
4 - 17% - 10% - 8:00
Normal Defense
1 - 35% - 40% - 16:41
2 - 29% - 30% - 13:41
3 - 22% - 20% - 10:18
4 - 15% - 10% - 6:56
PP Forward
1 - 100% - 60% - 0:29
2 - 0% - 40% - 0:00
PP Defense
1 - 100% - 60% - 0:29
2 - 0% - 40% - 0:00
PK Forward
1 - 75% - 60% - 8:36
2 - 25% - 40% - 2:50
PK Defense
1 - 61% - 60% - 6:56
2 - 39% - 40% - 4:30
PK3 Forward
1 - 0% - 60%
2 - 0% - 40%
PK3 Defense
1 - 0% - 60%
2 - 0% - 40%
44 Forward
1 - 100% - 60% - 0:42
2 - 0% - 40% - 0:00
44 Defense
1 - 100% - 60% - 0:42
2 - 0% - 40% - 0:00
Last Minute Offensive - 0:29
Last Minute Defensive - 0:00
Total
Forward - 60:42
Defense - 60:42
|
% Time on Ice - Wolves
Lines # - Real PCT - Wanted PCT - Time Play
Normal Forward
1 - 33% - 40% - 15:50
2 - 25% - 30% - 11:54
3 - 20% - 20% - 9:27
4 - 22% - 10% - 10:24
Normal Defense
1 - 38% - 40% - 17:56
2 - 28% - 30% - 13:33
3 - 22% - 20% - 10:28
4 - 12% - 10% - 5:38
PP Forward
1 - 52% - 60% - 5:59
2 - 48% - 40% - 5:27
PP Defense
1 - 56% - 60% - 6:24
2 - 44% - 40% - 5:02
PK Forward
1 - 100% - 60% - 0:29
2 - 0% - 40% - 0:00
PK Defense
1 - 100% - 60% - 0:29
2 - 0% - 40% - 0:00
PK3 Forward
1 - 0% - 60%
2 - 0% - 40%
PK3 Defense
1 - 0% - 60%
2 - 0% - 40%
44 Forward
1 - 100% - 60% - 0:42
2 - 0% - 40% - 0:00
44 Defense
1 - 64% - 60% - 0:27
2 - 36% - 40% - 0:15
Last Minute Offensive - 0:00
Last Minute Defensive - 0:30
Total
Forward - 60:42
Defense - 60:42
|
Play-by-Play
1st period
0:01 of 1st period - Mark Jankowski wins face-off versus Kyle Rau in neutral zone.
0:04 of 1st period - Wrist shot by Carl Gunnarsson.
0:04 of 1st period - Stopped by Laurent Brossoit with a rebound.
0:55 of 1st period - Wrist shot by Sebastian Aho.
0:55 of 1st period - Goal by Sebastian Aho - Condors : 0 - Wolves : 1.
0:56 of 1st period - Antti Suomela wins face-off versus Phil McRae in neutral zone.
1:10 of 1st period - Slapshot by Samuel Girard.
1:10 of 1st period - Deflect By Tyson Jost.
1:10 of 1st period - Stopped by Mark Visentin without a rebound.
1:11 of 1st period - Kyle Rau wins face-off versus Kiefer Sherwood in Condors zone.
1:38 of 1st period - Christian Thomas is hit by Victor Olofsson and loses puck.
1:51 of 1st period - Snap shot by Victor Olofsson.
1:51 of 1st period - Goal by Victor Olofsson - Condors : 0 - Wolves : 2.
1:52 of 1st period - Jake Evans wins face-off versus Phil McRae in neutral zone.
2:17 of 1st period - Lawson Crouse is hit by Robby Fabbri and loses puck.
2:44 of 1st period - Snap shot by Sebastian Aho.
2:44 of 1st period - Shot Misses the Net.
2:58 of 1st period - Slapshot by Antti Suomela.
2:58 of 1st period - Deflect By Wade Allison.
2:58 of 1st period - Stopped by Mark Visentin without a rebound.
2:59 of 1st period - Antti Suomela wins face-off versus Connor Hurley in Condors zone.
3:02 of 1st period - Slapshot by Jeffrey Foss.
3:02 of 1st period - Shot Misses the Net.
3:33 of 1st period - Snap shot by Christian Thomas.
3:33 of 1st period - Stopped by Laurent Brossoit without a rebound.
3:34 of 1st period - Mark Jankowski wins face-off versus Kyle Rau in Wolves zone.
3:39 of 1st period - Slapshot by Robby Fabbri.
3:39 of 1st period - Stopped by Laurent Brossoit with a rebound.
3:41 of 1st period - Slapshot by Philippe Myers.
3:41 of 1st period - Shot Misses the Net.
3:43 of 1st period - Slapshot by Brett Lernout.
3:43 of 1st period - Shot Blocked by Kyle Rau.
3:56 of 1st period - Icing by Alexandre Grenier.
3:57 of 1st period - Tyler Bozak wins face-off versus Kyle Rau in Wolves zone.
4:51 of 1st period - Wrist shot by Lawson Crouse.
4:51 of 1st period - Stopped by Mark Visentin with a rebound.
4:53 of 1st period - Slapshot by Alexandre Grenier.
4:53 of 1st period - Shot Misses the Net.
4:55 of 1st period - Snap shot by Kyle Rau.
4:55 of 1st period - Stopped by Mark Visentin with a rebound.
4:57 of 1st period - Slapshot by Jeffrey Foss.
4:57 of 1st period - Shot Blocked by Scott Mayfield.
5:31 of 1st period - Chris Bigras is hit by Kyle Rau and loses puck.
5:42 of 1st period - Snap shot by Kyle Rau.
5:42 of 1st period - Stopped by Mark Visentin with a rebound.
5:52 of 1st period - Slapshot by Alexandre Grenier.
5:52 of 1st period - Deflect By Lawson Crouse.
5:52 of 1st period - Shot Misses the Net.
5:52 of 1st period - Puck is out of play.
5:53 of 1st period - Sebastian Aho wins face-off versus Mark Jankowski in Condors zone.
6:06 of 1st period - Slapshot by Victor Olofsson.
6:06 of 1st period - Shot Misses the Net.
6:08 of 1st period - Wrist shot by Sebastian Aho.
6:08 of 1st period - Shot Blocked by Mark Jankowski.
6:18 of 1st period - Joe Morrow is hit by Anton Slepyshev and loses puck.
6:55 of 1st period - Brett Lernout is hit by Victor Olofsson and loses puck.
12:28 of 1st period - Snap shot by Christian Thomas.
12:28 of 1st period - Stopped by Laurent Brossoit with a rebound.
12:44 of 1st period - Snap shot by Christian Thomas.
12:44 of 1st period - Shot Blocked by Thomas Spelling.
14:47 of 1st period - Jeffrey Foss is hit by Phil McRae and loses puck.
15:13 of 1st period - Anton Lindholm is hit by Robby Fabbri and loses puck.
15:33 of 1st period - Jeff Petry is hit by Kiefer Sherwood and loses puck.
15:40 of 1st period - Victor Olofsson is hit by Tyler Bozak and loses puck.
17:16 of 1st period - Snap shot by Jake Evans.
17:16 of 1st period - Shot Misses the Net.
18:21 of 1st period - Wrist shot by Anton Slepyshev.
18:21 of 1st period - Shot Misses the Net.
18:38 of 1st period - Icing by Sebastian Aho.
18:39 of 1st period - Connor Hurley wins face-off versus Jake Evans in Wolves zone.
18:46 of 1st period - Chris Bigras is hit by Fredrik Olofsson and loses puck.
18:55 of 1st period - Snap shot by Jake Evans.
18:55 of 1st period - Shot Misses the Net.
19:45 of 1st period - Snap shot by Victor Olofsson.
19:45 of 1st period - Stopped by Mark Visentin without a rebound.
19:46 of 1st period - Phil McRae wins face-off versus Antti Suomela in Condors zone.
19:46 of 1st period - Phil McRae is hit by Antti Suomela.
Goals for this period are 0 for Condors vs 2 for Wolves.
Shots for this period are 4 for Condors vs 8 for Wolves.
2nd period
0:01 of 2nd period - Kyle Rau wins face-off versus Mark Jankowski in neutral zone.
0:10 of 2nd period - Wrist shot by Kyle Rau.
0:10 of 2nd period - Deflect By Lawson Crouse.
0:10 of 2nd period - Shot Blocked by Daniel Zaar.
0:10 of 2nd period - Puck is out of play.
0:11 of 2nd period - Kyle Rau wins face-off versus Mark Jankowski in Condors zone.
0:22 of 2nd period - Snap shot by Alexandre Grenier.
0:22 of 2nd period - Stopped by Mark Visentin without a rebound.
0:23 of 2nd period - Mark Jankowski wins face-off versus Kyle Rau in Condors zone.
0:25 of 2nd period - Icing by Daniel Zaar.
0:26 of 2nd period - Kyle Rau wins face-off versus Mark Jankowski in Condors zone.
0:27 of 2nd period - Snap shot by Alexandre Grenier.
0:27 of 2nd period - Stopped by Mark Visentin with a rebound.
0:33 of 2nd period - Slapshot by Alexandre Grenier.
0:33 of 2nd period - Stopped by Mark Visentin with a rebound.
0:37 of 2nd period - Slapshot by Alexandre Grenier.
0:37 of 2nd period - Shot Misses the Net.
0:39 of 2nd period - Snap shot by Lawson Crouse.
0:39 of 2nd period - Shot Misses the Net.
0:44 of 2nd period - Minor Penalty to Mark Jankowski for Interference.
0:45 of 2nd period - Phil McRae wins face-off versus Kyle Rau in Condors zone.
0:45 of 2nd period - Phil McRae is hit by Kyle Rau.
0:54 of 2nd period - Carl Gunnarsson is hit by Alexandre Grenier and loses puck.
1:14 of 2nd period - Icing by Jeffrey Foss.
1:15 of 2nd period - Phil McRae wins face-off versus Sebastian Aho in Wolves zone.
1:30 of 2nd period - Chris Bigras is hit by Victor Olofsson and loses puck.
2:01 of 2nd period - Slapshot by Sebastian Aho.
2:01 of 2nd period - Goal by Sebastian Aho - Condors : 0 - Wolves : 3.
2:02 of 2nd period - Kyle Rau wins face-off versus Mark Jankowski in neutral zone.
2:13 of 2nd period - Wrist shot by Lawson Crouse.
2:13 of 2nd period - Shot Blocked by Zac Leslie.
2:15 of 2nd period - Slapshot by Jeffrey Foss.
2:15 of 2nd period - Shot Misses the Net.
2:17 of 2nd period - Snap shot by Kyle Rau.
2:17 of 2nd period - Shot Misses the Net.
2:27 of 2nd period - Kiefer Sherwood is hit by Jeffrey Foss and loses puck.
3:07 of 2nd period - Snap shot by Wade Allison.
3:07 of 2nd period - Shot Blocked by Philippe Myers.
3:09 of 2nd period - Snap shot by Fredrik Olofsson.
3:09 of 2nd period - Shot Blocked by Connor Hurley.
3:46 of 2nd period - Minor Penalty to Lawson Crouse for Hooking.
3:47 of 2nd period - Tyler Bozak wins face-off versus Alexandre Grenier in Wolves zone.
3:56 of 2nd period - Snap shot by Tyler Bozak.
3:56 of 2nd period - Stopped by Laurent Brossoit without a rebound.
3:57 of 2nd period - Tyler Bozak wins face-off versus Alexandre Grenier in Wolves zone.
4:00 of 2nd period - Wrist shot by Tyler Bozak.
4:00 of 2nd period - Goal by Tyler Bozak - Condors : 1 - Wolves : 3.
4:01 of 2nd period - Kyle Rau wins face-off versus Mark Jankowski in neutral zone.
4:26 of 2nd period - Anton Slepyshev is hit by Joe Morrow and loses puck.
4:31 of 2nd period - Snap shot by Sebastian Aho.
4:31 of 2nd period - Stopped by Mark Visentin without a rebound.
4:32 of 2nd period - Sebastian Aho wins face-off versus Mark Jankowski in Condors zone.
4:35 of 2nd period - Snap shot by Victor Olofsson.
4:35 of 2nd period - Deflect By Eric Robinson.
4:35 of 2nd period - Stopped by Mark Visentin without a rebound.
4:36 of 2nd period - Robby Fabbri wins face-off versus Kyle Rau in Condors zone.
5:16 of 2nd period - Minor Penalty to Anton Slepyshev for Boarding.
5:17 of 2nd period - Kyle Rau wins face-off versus Phil McRae in Condors zone.
5:18 of 2nd period - Slapshot by Alexandre Grenier.
5:18 of 2nd period - Stopped by Mark Visentin with a rebound.
5:20 of 2nd period - Snap shot by Joe Morrow.
5:20 of 2nd period - Shot Misses the Net.
5:22 of 2nd period - Snap shot by Jeffrey Foss.
5:22 of 2nd period - Stopped by Mark Visentin with a rebound.
5:24 of 2nd period - Snap shot by Alexandre Grenier.
5:24 of 2nd period - Shot Misses the Net.
5:26 of 2nd period - Wrist shot by Lawson Crouse.
5:26 of 2nd period - Shot Misses the Net.
5:28 of 2nd period - Snap shot by Lawson Crouse.
5:28 of 2nd period - Shot Blocked by Carl Gunnarsson.
5:42 of 2nd period - Jeffrey Foss is hit by Christian Thomas.
5:46 of 2nd period - Snap shot by Sebastian Aho.
5:46 of 2nd period - Stopped by Mark Visentin with a rebound.
5:48 of 2nd period - Wrist shot by Victor Olofsson.
5:48 of 2nd period - Stopped by Mark Visentin with a rebound.
5:50 of 2nd period - Snap shot by Victor Olofsson.
5:50 of 2nd period - Stopped by Mark Visentin with a rebound.
5:52 of 2nd period - Wrist shot by Sebastian Aho.
5:52 of 2nd period - Shot Blocked by Zac Leslie.
6:28 of 2nd period - Kyle Rau is hit by Tyson Jost.
7:07 of 2nd period - Icing by Lawson Crouse.
7:08 of 2nd period - Connor Hurley wins face-off versus Kyle Rau in Wolves zone.
7:09 of 2nd period - Slapshot by Scott Mayfield.
7:09 of 2nd period - Shot Misses the Net.
7:16 of 2nd period - Penalty to Anton Slepyshev is over, Anton Slepyshev is back on ice.
7:23 of 2nd period - Snap shot by Tyler Bozak.
7:23 of 2nd period - Stopped by Laurent Brossoit with a rebound.
7:36 of 2nd period - Minor Penalty to Fredrik Olofsson for Charging.
7:37 of 2nd period - Tyler Bozak wins face-off versus Alexandre Grenier in Wolves zone.
7:51 of 2nd period - Snap shot by Anton Slepyshev.
7:51 of 2nd period - Goal by Anton Slepyshev - Condors : 2 - Wolves : 3.
7:52 of 2nd period - Kyle Rau wins face-off versus Daniel Zaar in neutral zone.
8:03 of 2nd period - Slapshot by Kyle Rau.
8:03 of 2nd period - Stopped by Mark Visentin with a rebound.
8:05 of 2nd period - Slapshot by Joe Morrow.
8:05 of 2nd period - Stopped by Mark Visentin with a rebound.
8:24 of 2nd period - Wrist shot by Tyler Bozak.
8:24 of 2nd period - Stopped by Laurent Brossoit with a rebound.
8:26 of 2nd period - Snap shot by Tyler Bozak.
8:26 of 2nd period - Stopped by Laurent Brossoit without a rebound.
8:27 of 2nd period - Tyler Bozak wins face-off versus Sebastian Aho in Wolves zone.
8:30 of 2nd period - Snap shot by Tyler Bozak.
8:30 of 2nd period - Shot Misses the Net.
8:32 of 2nd period - Snap shot by Kiefer Sherwood.
8:32 of 2nd period - Stopped by Laurent Brossoit with a rebound.
8:34 of 2nd period - Wrist shot by Tyler Bozak.
8:34 of 2nd period - Goal by Tyler Bozak - Condors : 3 - Wolves : 3.
8:35 of 2nd period - Mark Jankowski wins face-off versus Lawson Crouse in neutral zone.
9:24 of 2nd period - Snap shot by Christian Thomas.
9:24 of 2nd period - Stopped by Laurent Brossoit without a rebound.
9:25 of 2nd period - Connor Hurley wins face-off versus Kyle Rau in Wolves zone.
9:57 of 2nd period - Icing by Daniel Zaar.
9:58 of 2nd period - Sebastian Aho wins face-off versus Mark Jankowski in Condors zone.
10:45 of 2nd period - Snap shot by Antti Suomela.
10:45 of 2nd period - Deflect By Adam Erne.
10:45 of 2nd period - Stopped by Mark Visentin with a rebound.
10:47 of 2nd period - Slapshot by Anton Lindholm.
10:47 of 2nd period - Deflect By Antti Suomela.
10:47 of 2nd period - Stopped by Mark Visentin with a rebound.
10:49 of 2nd period - Snap shot by Antti Suomela.
10:49 of 2nd period - Shot Misses the Net.
10:51 of 2nd period - Slapshot by Anton Lindholm.
10:51 of 2nd period - Stopped by Mark Visentin without a rebound.
10:52 of 2nd period - Antti Suomela wins face-off versus Phil McRae in Condors zone.
11:01 of 2nd period - Snap shot by Wade Allison.
11:01 of 2nd period - Stopped by Mark Visentin with a rebound.
11:39 of 2nd period - Snap shot by Antti Suomela.
11:39 of 2nd period - Deflect By Wade Allison.
11:39 of 2nd period - Stopped by Mark Visentin without a rebound.
11:40 of 2nd period - Mark Jankowski wins face-off versus Kyle Rau in Condors zone.
11:49 of 2nd period - Snap shot by Daniel Zaar.
11:49 of 2nd period - Stopped by Laurent Brossoit without a rebound.
11:50 of 2nd period - Kyle Rau wins face-off versus Mark Jankowski in Wolves zone.
11:54 of 2nd period - Off-side.
11:55 of 2nd period - Mark Jankowski wins face-off versus Kyle Rau in neutral zone.
12:27 of 2nd period - Zac Leslie is hit by Lawson Crouse and loses puck.
13:10 of 2nd period - Minor Penalty to Tyson Jost for Boarding.
13:11 of 2nd period - Phil McRae wins face-off versus Sebastian Aho in Condors zone.
14:16 of 2nd period - Robby Fabbri is hit by Alexandre Grenier and loses puck.
14:53 of 2nd period - Carl Gunnarsson is hit by Fredrik Olofsson.
14:57 of 2nd period - Connor Hurley is hit by Liam O'Brien and loses puck.
15:10 of 2nd period - Penalty to Tyson Jost is over, Tyson Jost is back on ice.
17:08 of 2nd period - Snap shot by Christian Thomas.
17:08 of 2nd period - Shot Misses the Net.
17:40 of 2nd period - Slapshot by Tyler Bozak.
17:40 of 2nd period - Shot Misses the Net.
18:18 of 2nd period - Slapshot by Antti Suomela.
18:18 of 2nd period - Stopped by Mark Visentin without a rebound.
18:19 of 2nd period - Daniel Zaar wins face-off versus Kyle Rau in Condors zone.
18:44 of 2nd period - Jake Evans is hit by Kiefer Sherwood and loses puck.
19:45 of 2nd period - Kyle Rau is hit by Mark Jankowski and loses puck.
Goals for this period are 3 for Condors vs 1 for Wolves.
Shots for this period are 10 for Condors vs 19 for Wolves.
3rd period
0:01 of 3rd period - Mark Jankowski wins face-off versus Sebastian Aho in neutral zone.
0:33 of 3rd period - Snap shot by Anton Slepyshev.
0:33 of 3rd period - Shot Misses the Net.
0:35 of 3rd period - Slapshot by Scott Mayfield.
0:35 of 3rd period - Shot Blocked by Joe Morrow.
0:57 of 3rd period - Backhand shot by Jeffrey Foss.
0:57 of 3rd period - Shot Misses the Net.
1:07 of 3rd period - Slapshot by Scott Mayfield.
1:07 of 3rd period - Shot Misses the Net.
1:30 of 3rd period - Minor Penalty to Kiefer Sherwood for Tripping.
1:31 of 3rd period - Phil McRae wins face-off versus Kyle Rau in Condors zone.
1:39 of 3rd period - Anton Slepyshev is hit by Lawson Crouse and loses puck.
2:12 of 3rd period - Slapshot by Robby Fabbri.
2:12 of 3rd period - Stopped by Laurent Brossoit without a rebound.
2:13 of 3rd period - Phil McRae wins face-off versus Kyle Rau in Wolves zone.
2:16 of 3rd period - Wrist shot by Phil McRae.
2:16 of 3rd period - Stopped by Laurent Brossoit without a rebound.
2:17 of 3rd period - Phil McRae wins face-off versus Kyle Rau in Wolves zone.
2:24 of 3rd period - Snap shot by Anton Slepyshev.
2:24 of 3rd period - Stopped by Laurent Brossoit without a rebound.
2:25 of 3rd period - Kyle Rau wins face-off versus Phil McRae in Wolves zone.
2:25 of 3rd period - Kyle Rau is hit by Carl Gunnarsson.
3:22 of 3rd period - Mark Jankowski is hit by Anton Lindholm.
3:30 of 3rd period - Penalty to Kiefer Sherwood is over, Kiefer Sherwood is back on ice.
3:34 of 3rd period - Wrist shot by Anton Slepyshev.
3:34 of 3rd period - Shot Blocked by Jeffrey Foss.
3:36 of 3rd period - Wrist shot by Anton Slepyshev.
3:36 of 3rd period - Stopped by Laurent Brossoit with a rebound.
4:17 of 3rd period - Slapshot by Wade Allison.
4:17 of 3rd period - Shot Misses the Net.
4:23 of 3rd period - Minor Penalty to Kiefer Sherwood for Roughing.
4:24 of 3rd period - Kyle Rau wins face-off versus Phil McRae in Condors zone.
4:35 of 3rd period - Snap shot by Kyle Rau.
4:35 of 3rd period - Deflect By Alexandre Grenier.
4:35 of 3rd period - Stopped by Mark Visentin with a rebound.
4:37 of 3rd period - Slapshot by Alexandre Grenier.
4:37 of 3rd period - Goal by Alexandre Grenier - Condors : 3 - Wolves : 4.
4:38 of 3rd period - Kyle Rau wins face-off versus Mark Jankowski in neutral zone.
4:43 of 3rd period - Slapshot by Joe Morrow.
4:43 of 3rd period - Deflect By Kyle Rau.
4:43 of 3rd period - Stopped by Mark Visentin without a rebound.
4:44 of 3rd period - Kyle Rau wins face-off versus Mark Jankowski in Condors zone.
5:13 of 3rd period - Snap shot by Victor Olofsson.
5:13 of 3rd period - Shot Blocked by Anton Slepyshev.
5:15 of 3rd period - Snap shot by Eric Robinson.
5:15 of 3rd period - Stopped by Mark Visentin with a rebound.
5:17 of 3rd period - Wrist shot by Victor Olofsson.
5:17 of 3rd period - Stopped by Mark Visentin with a rebound.
5:19 of 3rd period - Slapshot by Jeffrey Foss.
5:19 of 3rd period - Shot Misses the Net.
5:36 of 3rd period - Wrist shot by Jake Evans.
5:36 of 3rd period - Deflect By Fredrik Olofsson.
5:36 of 3rd period - Stopped by Mark Visentin with a rebound.
5:38 of 3rd period - Backhand shot by Jeff Petry.
5:38 of 3rd period - Shot Blocked by Zac Leslie.
5:58 of 3rd period - Slapshot by Daniel Zaar.
5:58 of 3rd period - Shot Blocked by Jeff Petry.
6:06 of 3rd period - Snap shot by Antti Suomela.
6:06 of 3rd period - Stopped by Mark Visentin without a rebound.
6:07 of 3rd period - Tyler Bozak wins face-off versus Kyle Rau in Condors zone.
6:18 of 3rd period - Snap shot by Alexandre Grenier.
6:18 of 3rd period - Stopped by Mark Visentin with a rebound.
6:44 of 3rd period - Jalen Chatfield is hit by Adam Erne and loses puck.
7:09 of 3rd period - Robby Fabbri is hit by Victor Olofsson and loses puck.
7:14 of 3rd period - Snap shot by Sebastian Aho.
7:14 of 3rd period - Shot Misses the Net.
8:08 of 3rd period - Snap shot by Adam Erne.
8:08 of 3rd period - Shot Misses the Net.
8:10 of 3rd period - Slapshot by Brett Lernout.
8:10 of 3rd period - Deflect By Adam Erne.
8:10 of 3rd period - Shot Misses the Net.
8:10 of 3rd period - Puck is out of play.
8:11 of 3rd period - Jake Evans wins face-off versus Mark Jankowski in Wolves zone.
8:41 of 3rd period - Slapshot by Anton Slepyshev.
8:41 of 3rd period - Stopped by Laurent Brossoit without a rebound.
8:42 of 3rd period - Mark Jankowski wins face-off versus Kyle Rau in Wolves zone.
8:52 of 3rd period - Joe Morrow is hit by Chris Bigras and loses puck.
9:03 of 3rd period - Minor Penalty to Scott Mayfield for Interference.
9:04 of 3rd period - Phil McRae wins face-off versus Kyle Rau in Condors zone.
9:19 of 3rd period - Slapshot by Jeffrey Foss.
9:19 of 3rd period - Stopped by Mark Visentin without a rebound.
9:20 of 3rd period - Phil McRae wins face-off versus Alexandre Grenier in Condors zone.
10:23 of 3rd period - Slapshot by Chris Bigras.
10:23 of 3rd period - Shot Blocked by Jeff Petry.
11:03 of 3rd period - Penalty to Scott Mayfield is over, Scott Mayfield is back on ice.
11:16 of 3rd period - Wrist shot by Antti Suomela.
11:16 of 3rd period - Shot Misses the Net.
11:18 of 3rd period - Slapshot by Samuel Girard.
11:18 of 3rd period - Stopped by Mark Visentin with a rebound.
12:11 of 3rd period - Snap shot by Wade Allison.
12:11 of 3rd period - Stopped by Mark Visentin with a rebound.
12:13 of 3rd period - Slapshot by Jalen Chatfield.
12:13 of 3rd period - Shot Blocked by Mark Jankowski.
12:15 of 3rd period - Slapshot by Jalen Chatfield.
12:15 of 3rd period - Stopped by Mark Visentin without a rebound.
12:16 of 3rd period - Tyler Bozak wins face-off versus Sebastian Aho in Condors zone.
12:22 of 3rd period - Slapshot by Kiefer Sherwood.
12:22 of 3rd period - Deflect By Anton Slepyshev.
12:22 of 3rd period - Shot Misses the Net.
12:22 of 3rd period - Puck is out of play.
12:23 of 3rd period - Tyler Bozak wins face-off versus Sebastian Aho in Wolves zone.
13:13 of 3rd period - Snap shot by Clayton Keller.
13:13 of 3rd period - Stopped by Laurent Brossoit with a rebound.
13:15 of 3rd period - Wrist shot by Clayton Keller.
13:15 of 3rd period - Shot Misses the Net.
13:41 of 3rd period - Snap shot by Connor Hurley.
13:41 of 3rd period - Stopped by Laurent Brossoit with a rebound.
14:08 of 3rd period - Off-side.
14:09 of 3rd period - Tyler Bozak wins face-off versus Sebastian Aho in neutral zone.
14:31 of 3rd period - Minor Penalty to Kiefer Sherwood for Slashing.
14:32 of 3rd period - Kyle Rau wins face-off versus Phil McRae in Condors zone.
15:10 of 3rd period - Jeff Petry is hit by Zac Leslie and loses puck.
16:31 of 3rd period - Penalty to Kiefer Sherwood is over, Kiefer Sherwood is back on ice.
16:37 of 3rd period - Jake Evans is hit by Daniel Zaar.
16:41 of 3rd period - Mark Jankowski is hit by Joe Morrow.
16:45 of 3rd period - Wrist shot by Jake Evans.
16:45 of 3rd period - Shot Misses the Net.
16:57 of 3rd period - Antti Suomela is hit by Brett Lernout and loses puck.
17:28 of 3rd period - Robby Fabbri is hit by Sebastian Aho and loses puck.
18:18 of 3rd period - Kiefer Sherwood is hit by Joe Morrow and loses puck.
18:41 of 3rd period - Wrist shot by Christian Thomas.
18:41 of 3rd period - Stopped by Laurent Brossoit with a rebound.
19:01 of 3rd period - Samuel Girard is hit by Scott Mayfield and loses puck.
19:04 of 3rd period - Condors, Mark Visentin is pulled from the net.
19:16 of 3rd period - Snap shot by Daniel Zaar.
19:16 of 3rd period - Goal by Daniel Zaar - Condors : 4 - Wolves : 4.
19:16 of 3rd period - Mark Visentin from Condors was sent back in the game.
19:17 of 3rd period - Phil McRae wins face-off versus Jake Evans in neutral zone.
19:32 of 3rd period - Slapshot by Chris Bigras.
19:32 of 3rd period - Stopped by Laurent Brossoit with a rebound.
Goals for this period are 1 for Condors vs 1 for Wolves.
Shots for this period are 10 for Condors vs 12 for Wolves.
Overtime #1
0:01 of 1st overtime period - Alexandre Grenier wins face-off versus Tyler Bozak in neutral zone.
0:42 of 1st overtime period - Snap shot by Robby Fabbri.
0:42 of 1st overtime period - Goal by Robby Fabbri - Condors : 5 - Wolves : 4.
Goals for this period are 1 for Condors vs 0 for Wolves.
Shots for this period are 1 for Condors vs 0 for Wolves.